 Dungeon Crawl Stone Soup version 0.23-a0-239-g84a5ed292d (webtiles) character file.

274 PikkenKukken the Skirmisher (level 6, -5/38 HPs)
             Began as a Gargoyle Fighter on Sept 26, 2018.
             Killed from afar by Ijyb (12 damage)
             ... with a wand of acid (2)
             ... on level 3 of the Dungeon.
             The game lasted 00:03:25 (1824 turns).

PikkenKukken the Skirmisher (Gargoyle Fighter)      Turns: 1824, Time: 00:03:25

Health: -5/38      AC:  7    Str: 26    XL:     6   Next: 24%
Magic:  6/6        EV:  8    Int:  9    God:
Gold:   57         SH: 10    Dex:  9    Spells: 5/5 levels left

rFire    . . .     SeeInvis +   i - +0 whip
rCold    . . .     Gourm    .   c - +0 shield
rNeg     + . .     Faith    .   b - +0 scale mail
rPois    ∞         Spirit   .   (no helmet)
rElec    +         Reflect  .   (no cloak)
rCorr    .         Harm     .   (no gloves)
MR       .....                  (no boots)
Stlth    ..........             (no amulet)
HPRegen  0.12/turn              a - ring of see invisible
MPRegen  0.10/turn              (no ring)

@: mighty, corroded
A: negative energy resistance 1, electricity resistance, unbreathing,
petrification resistance, rot immunity, AC +4
a: no special abilities


You were on level 3 of the Dungeon.
You were hungry.

You visited 1 branch of the dungeon, and saw 3 of its levels.

You collected 57 gold pieces.

Inventory:

Hand Weapons
 i - a +0 whip (weapon)
Armour
 b - a +0 scale mail (worn)
 c - a +0 shield (worn)
Jewellery
 a - a ring of see invisible (left hand)
Scrolls
 e - a scroll of remove curse
 h - a scroll of enchant armour
Potions
 j - a potion of curing {unknown}
 k - a potion of lignification
Comestibles
 f - 4 rations
 g - 2 chunks of flesh


   Skills:
 + Level 4.2 Fighting
 * Level 4.0 Maces & Flails
 + Level 4.2 Armour
 + Level 1.7 Dodging
 + Level 4.2 Shields


You had 5 spell levels left.
You didn't know any spells.
Your spell library was empty.

Dungeon Overview and Level Annotations

Branches:
Dungeon (3/15)

Altars:
Hepliaklqana
Sif Muna
The Shining One

Annotations:
D:3 Ijyb


Innate Abilities, Weirdness & Mutations

You are resistant to torment.
Your stone body is resilient. (AC +4)
You are immune to poison.
You resist negative energy. (rN+)
You are resistant to electric shocks. (rElec)
You can survive without breathing.
You are immune to petrification.
You are immune to rotting.


Message History

Ijyb is moderately wounded.
Ijyb barely misses you.
Your shield prevents you from hitting Ijyb.
Ijyb is moderately wounded.
Ijyb barely misses you.
You hit Ijyb.
Ijyb is heavily wounded.
Ijyb zaps a wand.
The bolt of acid hits you!
You are splashed with acid!
The acid burns!
* * * LOW HITPOINT WARNING * * *
You hit Ijyb.
Ijyb is severely wounded.
Ijyb zaps a wand.
The bolt of acid misses you.
You closely miss Ijyb.
Ijyb is severely wounded.
Ijyb hits you but does no damage.
You barely miss Ijyb.
Ijyb is severely wounded.
Ijyb zaps a wand.
The bolt of acid hits you!
You die...

....#...>...#
#......)###.#
..........#.#
#.......###.#
#....)......#
#...)...#######.#
#.....#.........#
#..#######...########
#.....g@.....'.......
...#######...########
#..## #..# ####


You could see Ijyb.

Vanquished Creatures
  Sigmund (D:2)
  A centaur skeleton (D:3)
  A hound (D:2)
  2 adders
  A worm (D:2)
  A dart slug (D:1)
  A leopard gecko (D:1)
  5 bats
  2 giant cockroaches
  2 goblins
  7 hobgoblins
  4 jackals (D:3)
  7 frilled lizards
  7 kobolds
  3 rats
45 creatures vanquished.

Notes
Turn   | Place    | Note
-------+----------+-------------------------------------------
     0 | D:1      | PikkenKukken the Gargoyle Fighter began the quest for the
                  | Orb.
     0 | D:1      | Reached XP level 1. HP: 14/14 MP: 1/1
   117 | D:1      | Reached XP level 2. HP: 19/19 MP: 2/2
   662 | D:2      | Reached XP level 3. HP: 22/23 MP: 3/3
   717 | D:2      | Found a hazy altar of Hepliaklqana.
   720 | D:2      | Found a deep blue altar of Sif Muna.
   723 | D:2      | Found a glowing golden altar of the Shining One.
   875 | D:2      | Reached skill level 1 in Dodging
   875 | D:2      | Reached XP level 4. HP: 22/29 MP: 4/4
   976 | D:2      | Found a faded altar of an unknown god.
   976 | D:2      | Noticed Sigmund
   995 | D:2      | Killed Sigmund
   995 | D:2      | Reached XP level 5. HP: 33/33 MP: 5/5
  1447 | D:2      | Reached XP level 6. HP: 38/38 MP: 6/6
  1807 | D:3      | Noticed Ijyb
  1824 | D:3      | Killed from afar by Ijyb

Vault maps used:
D:1:      nzn_arrival_crosshair
D:2:      grunt_temple_overflow_diamond, chequers_ecumenical_altar_simple,
          uniq_sigmund
D:3:      marbit_many_paths, hex_large, trog_book, uniq_ijyb,
          uniq_crazy_yiuf_cottage

Skill      XL: |  1  2  3  4  5  6 |
---------------+-------------------+-----
Dodging        | 1 |  1.7
Fighting       | 4 |  4.2
Maces & Flails | 3 4 |  4.0
Armour         | 4 |  4.2
Shields        | 4 |  4.2

Action                   |  1- 3 |  4- 6 || total
-------------------------+-------+-------++-------
Melee: Flail             |    18 |       ||    18
       Whip              |   156 |   147 ||   303
  Use: Scroll            |     4 |     2 ||     6
       Potion            |       |     3 ||     3
  Eat: Chunk             |       |     3 ||     3
Armor: Scale mail        |    83 |    55 ||   138
Dodge: Dodged            |    52 |    49 ||   101
Block: Shield            |    76 |    69 ||   145

Table legend:
 A = Non-vault XP
 B = Vault XP
 C = Vault XP percentage of total XP
 D = Non-vault monster count
 E = Vault monster count
 F = Vault count percentage of total count
                 A         B        C        D         E       F
            +---------+---------+-------+---------+---------+-------
      Total |     180 |     212 |  54.1 |      44 |       1 |   2.2
            +---------+---------+-------+---------+---------+-------
        D:1 |      33 |       0 |   0.0 |      19 |       0 |   0.0
        D:2 |      74 |     212 |  74.1 |      12 |       1 |   7.7
        D:3 |      73 |       0 |   0.0 |      13 |       0 |   0.0
            +---------+---------+-------+---------+---------+-------
